 Dungeon Crawl Stone Soup version 0.23.2 (webtiles) character file.

Game seed: 9244154917610146075

210 Borgoz the Cutter (level 5, 0/32 HPs)
             Began as a Gargoyle Gladiator on Apr 9, 2019.
             Slain by an orc
             ... wielding a +0 war axe
              (7 damage)
             ... on level 3 of the Dungeon.
             The game lasted 00:03:55 (3073 turns).

Borgoz the Cutter (Gargoyle Gladiator)              Turns: 3073, Time: 00:03:56

Health: 0/32       AC:  8    Str: 18    XL:     5   Next: 88%
Magic:  5/5        EV: 13    Int:  8    God:
Gold:   113        SH:  0    Dex: 12    Spells: 4/4 levels left

rFire    . . .     SeeInvis .   a - +2 dagger (venom)
rCold    . . .     Gourm    .   (no shield)
rNeg     + . .     Faith    .   h - +0 leather armour
rPois    ∞         Spirit   .   c - +0 helmet
rElec    +         Reflect  .   (no cloak)
rCorr    .         Harm     .   (no gloves)
MR       .....                  (no boots)
Stlth    ++........             (no amulet)
HPRegen  0.10/turn              (no ring)
MPRegen  0.09/turn              (no ring)

@: no status effects
A: negative energy resistance 1, electricity resistance, unbreathing,
petrification resistance, rot immunity, AC +4
a: no special abilities


You were on level 3 of the Dungeon.
You were not hungry.

You visited 1 branch of the dungeon, and saw 3 of its levels.

You collected 113 gold pieces.

Inventory:

Hand Weapons
 a - a +2 dagger of venom (weapon)
 b - a +1 dagger of flaming
 t - a +0 rapier
Missiles
 d - 2 throwing nets (quivered)
Armour
 c - a +0 helmet (worn)
 h - a +0 leather armour (worn)
Jewellery
 l - a cursed -2 ring of intelligence {unknown}
 r - an uncursed ring of protection from cold {unknown}
Wands
 m - a wand of iceblast (6)
Scrolls
 g - 2 scrolls of teleportation {unknown}
 i - 2 scrolls of identify {unknown}
 j - a scroll of noise {unknown}
 k - a scroll of blinking {unknown}
 o - a scroll of random uselessness {unknown}
 p - a scroll of remove curse {unknown}
Potions
 e - a potion of curing {unknown}
 n - 2 potions of heal wounds {unknown}
 q - a potion of might {unknown}
Comestibles
 f - 4 rations
 s - 5 chunks of flesh


   Skills:
 + Level 3.1 Fighting
 * Level 3.7 Short Blades
 - Level 1.7 Throwing
 + Level 2.0 Armour
 * Level 3.4 Dodging
 + Level 2.3 Stealth


You had 4 spell levels left.
You didn't know any spells.
Your spell library was empty.

Dungeon Overview and Level Annotations

Branches:
Dungeon (3/15)

Altars:
Fedhas
Ru


Innate Abilities, Weirdness & Mutations

You are resistant to torment.
Your stone body is resilient. (AC +4)
You are immune to poison.
You resist negative energy. (rN+)
You are resistant to electric shocks. (rElec)
You can survive without breathing.
You are immune to petrification.
You are immune to rotting.


Message History

The orc priest calls down the wrath of Beogh upon you.
Pain shoots through your body!
You barely miss the orc priest.
The orc priest is almost dead.
You kill the orc priest!
Your Armour skill increases to level 2!
The orc hits you but does no damage. x2
You hit the orc.
The orc is poisoned.
The orc is heavily wounded.
The frilled lizard bites you but does no damage.
The orc misses you.
You hit the orc.
The orc is poisoned.
The orc is lightly wounded.
The orc hits you with a +0 war axe.
* * * LOW HITPOINT WARNING * * *
The frilled lizard bites you but does no damage.
You hit the orc but do no damage.
The orc is heavily wounded.
The orc closely misses you. The orc hits you with a +0 war axe!
You die...

.....[..# #.# #
o....#### ######.#
########## o.####
.......#######....<...#
(...####.#
#.(%.......######.#
<........# #..#########
#..... ....###### #..#
#.##.# ...## #..#
#.##.# ....# ###.)#
#.##.# ...## #..o@#
##.##.# ..## #.#ol#
#.)...# ..... #.#.g#
######..#### .#.### #
#... ............ .#.#
##.. ###.##..#### ....
.... # #..# ....# #...
# #..# ...
#...#####.##..#
#........####


You could see 2 orcs, a goblin and a frilled lizard.

Vanquished Creatures
  An orc priest (D:3)
  An orc wizard (D:3)
  An iguana (D:3)
  3 adders (D:2)
  2 oozes
  5 worms (D:2)
  3 dart slugs (D:1)
  2 leopard geckos
  8 orcs (D:3)
  2 giant cockroaches (D:2)
  9 goblins
  5 hobgoblins
  2 jackals (D:1)
  6 kobolds
  2 quokkas (D:3)
  A ball python (D:2)
  4 bats
  4 frilled lizards
  A quokka skeleton (D:2)
  3 rats
65 creatures vanquished.

Notes
Turn   | Place    | Note
-------+----------+-------------------------------------------
     0 | D:1      | Borgoz the Gargoyle Gladiator began the quest for the Orb.
     0 | D:1      | Reached XP level 1. HP: 12/12 MP: 1/1
   252 | D:1      | Reached XP level 2. HP: 12/17 MP: 2/2
  1085 | D:2      | Reached XP level 3. HP: 22/22 MP: 3/3
  1107 | D:2      | Reached skill level 1 in Stealth
  1173 | D:2      | Reached skill level 1 in Armour
  1288 | D:2      | Found a sacrificial altar of Ru.
  1320 | D:2      | Reached XP level 4. HP: 20/27 MP: 4/4
  1508 | D:2      | Found a blossoming altar of Fedhas.
  2188 | D:3      | Reached XP level 5. HP: 13/32 MP: 5/5
  3073 | D:3      | Slain by an orc

Skill      XL: |  1  2  3  4  5 |
---------------+----------------+-----
Short Blades   | 3 |  3.7
Stealth        | 1 2 |  2.3
Armour         | 1 2 |  2.0
Dodging        | 3 |  3.4
Fighting       | 3 |  3.1
Throwing       | |  1.7

Action                   |  1- 3 |  4- 6 || total
-------------------------+-------+-------++-------
Melee: Dagger            |   119 |   177 ||   296
       Rapier            |     1 |       ||     1
Throw: Throwing net      |       |     1 ||     1
  Eat: Chunk             |     1 |     6 ||     7
Armor: Leather armour    |    35 |    46 ||    81
Dodge: Dodged            |    59 |    82 ||   141
